 Dungeon Crawl Stone Soup version 0.23.0-3-gf3c87f2 (webtiles) character file.

Game seed: 17476270277238377888

340 misha the Poker (level 6, -11/46 HPs)
             Began as a Merfolk Gladiator on Feb 23, 2019.
             Was an Initiate of Okawaru.
             Killed by nerve-wracking pain
             ... invoked by Menkaure
              (14 damage)
             ... on level 5 of the Dungeon.
             The game lasted 00:20:42 (5233 turns).

misha the Poker (Merfolk Gladiator)                 Turns: 5233, Time: 00:20:42

Health: -11/46     AC:  5    Str: 16    XL:     6   Next: 56%
Magic:  6/6        EV: 14    Int:  8    God:    Okawaru [......]
Gold:   221        SH:  0    Dex: 15    Spells: 5/5 levels left

rFire    . . .     SeeInvis .   b - +1 whip (venom)
rCold    . . .     Gourm    .   (no shield)
rNeg     . . .     Faith    .   q - +0 leather armour
rPois    .         Spirit   .   c - +0 helmet
rElec    .         Reflect  .   g - +0 cloak
rCorr    .         Harm     .   (no gloves)
MR       .....                  (no boots)
Stlth    ++........             (no amulet)
HPRegen  0.15/turn              (no ring)
MPRegen  0.10/turn              (no ring)

@: no status effects
A: change form in water, swift swim, stealthy swim
a: Renounce Religion


You were on level 5 of the Dungeon.
You worshipped Okawaru.
Okawaru was noncommittal.
You were hungry.

You visited 1 branch of the dungeon, and saw 5 of its levels.

You collected 221 gold pieces.

Inventory:

Hand Weapons
 a - a +0 trident
 b - a +1 whip of venom (weapon)
 y - a +0 hunting sling of velocity
 z - a +2 vampiric falchion
Missiles
 e - 213 stones (quivered)
 j - 39 poisoned needles
 p - 36 arrows
 r - 42 sling bullets
 t - 5 needles of paralysis
 A - 23 bolts
Armour
 c - a +0 helmet (worn)
 g - a +0 cloak (worn)
 q - a +0 leather armour (worn)
 w - a +0 shield
 H - quicksilver dragon scales
Jewellery
 k - an uncursed ring of flight {unknown}
 m - an uncursed amulet of faith {unknown}
 u - a +2 ring of dexterity {unknown}
 E - a cursed ring of attention {unknown}
 I - a +6 amulet of reflection {unknown}
 K - an uncursed ring of flight {unknown}
 N - an uncursed ring of protection from fire {unknown}
Wands
 D - a wand of iceblast (10)
 J - a wand of random effects (21)
 P - a wand of polymorph (3)
Scrolls
 h - a scroll of remove curse
 n - 5 scrolls of identify
 o - a scroll of enchant armour {unknown}
 F - 5 scrolls of teleportation {unknown}
 G - a scroll of magic mapping {unknown}
 O - a scroll of fear {unknown}
Potions
 i - a potion of might {unknown}
 l - 2 potions of degeneration {unknown}
 s - a potion of lignification {unknown}
 v - a potion of heal wounds {unknown}
 x - a potion of berserk rage {unknown}
 B - a potion of brilliance {unknown}
 C - a potion of curing {unknown}
 L - a potion of haste {unknown}
 M - a potion of cancellation {unknown}
Comestibles
 f - 6 rations


   Skills:
 - Level 2.8 Fighting
 * Level 1.8 Maces & Flails
 + Level 6.6 Polearms
 + Level 2.9 Throwing
 + Level 1.5 Armour
 - Level 4.4 Dodging
 - Level 1.0 Stealth
 + Level 1.9 Shields


You had 5 spell levels left.
You didn't know any spells.
Your spell library was empty.

Dungeon Overview and Level Annotations

Branches:
Dungeon (5/15)             Temple (0/1) D:5

Altars:
Ashenzari
Cheibriados
Dithmenos
Makhleb
Nemelex Xobeh
Okawaru
Qazlal
Ru
Sif Muna
Trog
Xom

Annotations:
D:5 Menkaure


Message History

Aim: Menkaure (fast)
You throw a throwing net.
The throwing net barely misses Menkaure.
Throwing (i - inventory. (/) - cycle)
d - a throwing net (quivered)
Press: ? - help, Shift-Dir - straight line, f/p - Menkaure
Aim: Menkaure (fast)
You throw a throwing net.
The throwing net barely misses Menkaure.
Menkaure calls on the powers of darkness!
You feel a surge of unholy energy. Menkaure closely misses you.
Menkaure hits you but does no damage.
As you read the scroll labeled FAARAR WENA, it crumbles to dust.
You feel blessed for a moment.
It was a scroll of remove curse.
Menkaure closely misses you.
As you read the scroll labeled AXTUJ OSHEE, it crumbles to dust.
It is a scroll of identify.
H - quicksilver dragon scales Menkaure points at you and mumbles some strange words.
Pain shoots through your body!
You die...

#########
#...(....
#....=...
#........
##########M.......
#.........@.......
+.......P.P....(!.
#......##.##......
#.....P#...#P.....
#........>....#...
#....#P#...#P## ..
#....#.##.#### .
#....#..P.P#
#######....#### ##


You could see Menkaure.

Vanquished Creatures
  An orc wizard (D:4)
  2 hounds (D:4)
  A bullfrog skeleton (D:4)
  2 worker ants
  A hound skeleton (D:5)
  7 adders
  An ooze (D:5)
  An adder skeleton (D:4)
  A dart slug (D:2)
  2 leopard geckos (D:3)
  6 orcs
  16 giant cockroaches
  6 goblins
  3 hobgoblins
  4 jackals (D:3)
  6 kobolds
  A quokka (D:2)
  A ball python (D:2)
  A ball python skeleton (D:4)
  7 bats
  12 frilled lizards
  A jackal skeleton (D:4)
  A quokka skeleton (D:5)
  7 rats
91 creatures vanquished.

Notes
Turn   | Place    | Note
-------+----------+-------------------------------------------
     0 | D:1      | misha the Merfolk Gladiator began the quest for the Orb.
     0 | D:1      | Reached XP level 1. HP: 16/16 MP: 1/1
   284 | D:1      | Reached XP level 2. HP: 23/23 MP: 2/2
   972 | D:1      | Reached skill level 5 in Polearms
  1227 | D:2      | Found a deep blue altar of Sif Muna.
  1430 | D:2      | Found a shadowy altar of Dithmenos.
  1473 | D:2      | Reached XP level 3. HP: 27/28 MP: 3/3
  2342 | D:2      | Found a faded altar of an unknown god.
  2349 | D:2      | Found a burning altar of Makhleb.
  2399 | D:2      | Reached XP level 4. HP: 29/34 MP: 4/4
  2637 | D:2      | Reached skill level 1 in Stealth
  3191 | D:3      | Reached skill level 6 in Polearms
  3296 | D:3      | Reached skill level 1 in Armour
  3594 | D:4      | Reached XP level 5. HP: 35/40 MP: 5/5
  3603 | D:4      | Reached skill level 1 in Shields
  3865 | D:4      | Reached skill level 1 in Maces & Flails
  4149 | D:4      | Reached XP level 6. HP: 45/46 MP: 6/6
  4494 | D:4      | Found a sacrificial altar of Ru.
  4501 | D:4      | Found a shattered altar of Ashenzari.
  4507 | D:4      | Found a shimmering altar of Xom.
  4510 | D:4      | Found a stormy altar of Qazlal.
  4510 | D:4      | Found a bloodstained altar of Trog.
  4510 | D:4      | Found an iron altar of Okawaru.
  4514 | D:4      | Found a snail-covered altar of Cheibriados.
  4516 | D:4      | Found a sparkling altar of Nemelex Xobeh.
  4543 | D:4      | Became a worshipper of Warmaster Okawaru
  4946 | D:5      | Entered Level 5 of the Dungeon
  5214 | D:5      | Found a staircase to the Ecumenical Temple.
  5220 | D:5      | Noticed Menkaure
  5233 | D:5      | Killed from afar by Menkaure

Skill      XL: |  1  2  3  4  5 |
---------------+----------------+-----
Polearms       | 5 6 |  6.6
Stealth        | 1 |  1.0
Armour         | 1 |  1.5
Shields        | 1 |  1.9
Maces & Flails | 1 |  1.8
Fighting       | |  2.8
Throwing       | |  2.9
Dodging        | |  4.4

Action                   |  1- 3 |  4- 6 || total
-------------------------+-------+-------++-------
Melee: Trident           |   128 |   102 ||   230
       Whip              |       |    84 ||    84
Throw: Throwing net      |       |     3 ||     3
  Use: Scroll            |       |     2 ||     2
 Stab: Sleeping          |     4 |     2 ||     6
  Eat: Chunk             |     4 |     3 ||     7
       Ration            |       |     3 ||     3
Armor: Leather armour    |    29 |    62 ||    91
Dodge: Dodged            |    69 |   123 ||   192
Block: Shield            |       |     6 ||     6
